AoeStats
← jsvos123

Fortress

508826039Analyzed
4v4 RM · 6d ago on Sep 24, 2026· 61m 6s· 8 players
Game mode
Random Map
Map size
Huge
Population
200
Speed
Normal
Resources
Standard
Victory
Conquest
Starting age
Dark Age
Ending age
Imperial Age
RankedLock teamsTeams togetherTeam positionsShared explorationLock speedFull tech treeHidden civsTurbo modeCheats
Victory
Defeat
🇹🇼 Byzantines · Taiwan
1150
+14
🇹🇼 Huns · Taiwan
1136
+15
🇭🇰 Teutons · Hong Kong SAR China
1124
+15
🇦🇺 Poles · Australia
1119
+15
🇳🇱 Khmer · Netherlands
1155
-16
🇹🇼 Turks · Taiwan
1145
-16
🇮🇳 Portuguese · India
1100
-15
🇩🇪 Franks · Germany
1024
-12
:D:D:D:D
0:41 Loom
7:48 Feudal Age
8:20 Double-Bit Axe
8:16 Horse Collar
12:27 Castle Age
12:03 Wheelbarrow
14:06 Bow Saw
20:39 Heavy Plow
21:31 Stone Mining
21:32 Gold Mining
25:17 Hand Cart
29:03 Imperial Age
28:10 Caravan
28:46 Gold Shaft Mining
29:50 Forging
29:45 Scale Barding Armor
30:06 Conscription
31:20 Two-Man Saw
31:30 Iron Casting
30:19 Cavalier
31:00 Husbandry
31:10 Bloodlines
31:19 Paladin
33:12 Chain Barding Armor
33:53 Blast Furnace
36:23 Plate Barding Armor
38:50 Guilds
39:11 Coinage
38:34 Fletching
41:21 Capped Ram
43:47 Siege Ram
48:27 Bodkin Arrow
52:52 Bracer
52:53 Padded Archer Armor
53:15 Ballistics
53:55 Chemistry
54:36 Leather Archer Armor
53:54 Heavy Cavalry Archer
54:59 Parthian Tactics
54:40 Thumb Ring
59:42 Spies/Treason
LOUIS文
5:27 Loom
7:12 Feudal Age
11:36 Castle Age
9:37 Double-Bit Axe
10:37 Horse Collar
14:07 Bow Saw
20:07 Wheelbarrow
24:11 Scale Mail Armor
24:21 Forging
24:14 Pikeman
24:55 Squires
28:49 Imperial Age
26:35 Hand Cart
27:04 Heavy Plow
27:00 Gold Mining
28:49 Padded Archer Armor
28:40 Fletching
28:56 Scale Barding Armor
29:59 Conscription
29:09 Elite Skirmisher
30:27 Iron Casting
30:08 Chain Mail Armor
29:26 Halberdier
32:18 Leather Archer Armor
31:58 Bodkin Arrow
33:08 Chain Barding Armor
32:32 Elite Cataphract
34:44 Ring Archer Armor
35:39 Logistica
37:15 Chemistry
37:07 Plate Barding Armor
36:34 Bracer
39:17 Ballistics
43:23 Plate Mail Armor
42:42 Arson
46:00 Two-Man Saw
45:27 Thumb Ring
46:18 Treadmill Crane
47:16 Hoardings
55:02 Husbandry
56:49 Heavy Camel Rider
58:25 Capped Ram
Teutons_CF
7:27 Feudal Age
6:21 Loom
8:32 Double-Bit Axe
10:58 Town Watch
13:17 Castle Age
11:01 Horse Collar
11:48 Town Watch
12:24 Stone Mining
12:29 Gold Mining
12:42 Town Watch
14:07 Bloodlines
14:42 Heavy Plow
15:29 Fletching
18:11 Scale Barding Armor
22:40 Forging
25:16 Chain Barding Armor
26:14 Bow Saw
30:25 Iron Casting
30:52 Wheelbarrow
32:22 Hand Cart
35:48 Imperial Age
35:28 Bodkin Arrow
36:22 Scale Mail Armor
36:02 Cavalier
36:51 Caravan
38:08 Crop Rotation
38:21 Conscription
38:27 Squires
40:01 Crenellations
40:05 Arrowslits
40:11 Guard Tower
41:46 Two-Man Saw
40:59 Guilds
40:46 Pikeman
42:59 Chemistry
42:45 Chain Mail Armor
44:04 Keep
43:36 Padded Archer Armor
44:14 Plate Mail Armor
44:18 Elite Teutonic Knight
46:12 Halberdier
49:19 Blast Furnace
50:51 Hoardings
50:41 Ballistics
Bread
8:08 Feudal Age
12:27 Castle Age
10:49 Horse Collar
10:57 Double-Bit Axe
12:39 Wheelbarrow
13:39 Heavy Plow
17:08 Scale Barding Armor
18:47 Szlachta Privileges
19:32 Bow Saw
19:36 Bloodlines
19:26 Husbandry
19:42 Husbandry
20:39 Forging
20:25 Gold Mining
22:24 Hand Cart
25:09 Chain Barding Armor
26:02 Iron Casting
27:34 Light Cavalry
31:03 Imperial Age
29:13 Stone Mining
30:29 Town Watch
30:35 Loom
30:36 Town Watch
30:44 Fletching
31:07 Cavalier
33:06 Blast Furnace
34:24 Chemistry
33:30 Siege Engineers
33:23 Winged Hussar
39:55 Lechitic Legacy
39:55 Conscription
40:46 Ballistics
48:50 Caravan
60:29 Bodkin Arrow
60:18 Spies/Treason
Lala Land
0:49 Loom
8:38 Feudal Age
12:23 Castle Age
10:12 Double-Bit Axe
10:30 Horse Collar
11:50 Gold Mining
16:47 Wheelbarrow
20:25 Imperial Age
17:55 Stone Mining
18:12 Town Watch
20:36 Stone Shaft Mining
20:47 Treadmill Crane
22:56 Wheelbarrow
23:54 Coinage
25:20 Banking
28:33 Chemistry
27:58 Ballistics
27:35 Murder Holes
27:32 Fletching
28:01 Town Patrol
29:15 Bombard Tower
28:52 Murder Holes
29:18 Ballistics
30:38 Bodkin Arrow
31:16 Bracer
31:30 Masonry
33:46 Fortified Wall
41:36 Architecture
NaCl
7:48 Feudal Age
10:28 Double-Bit Axe
10:34 Horse Collar
13:12 Castle Age
17:45 Imperial Age
15:41 Padded Archer Armor
16:52 Wheelbarrow
18:27 Leather Archer Armor
28:22 Loom
31:44 Ring Archer Armor
31:20 Scale Barding Armor
31:29 Forging
32:04 Heavy Camel Rider
32:45 Husbandry
32:56 Bloodlines
33:33 Chain Barding Armor
35:23 Plate Barding Armor
35:42 Heavy Plow
38:12 Iron Casting
37:55 Gold Mining
jsvos123
7:35 Feudal Age
8:29 Horse Collar
8:37 Double-Bit Axe
9:21 Town Watch
12:55 Castle Age
11:04 Gold Mining
13:57 Scale Barding Armor
20:13 Wheelbarrow
20:04 Stone Mining
20:16 Heavy Plow
30:03 Imperial Age
28:55 Loom
29:26 Hand Cart
31:28 Gold Shaft Mining
31:29 Stone Shaft Mining
31:18 Conscription
30:29 Pikeman
30:54 Arson
31:32 Halberdier
34:17 Double Crossbow
38:01 Scale Mail Armor
38:22 Chain Barding Armor
38:12 Forging
37:53 Fletching
40:12 Murder Holes
40:38 Ballistics
41:18 Chemistry
40:29 Fortified Wall
42:11 Chain Mail Armor
42:32 Iron Casting
54:50 Bloodlines
54:41 Husbandry
54:02 Light Cavalry
55:28 Hussar
Concludo
2:53 Loom
11:14 Feudal Age
14:05 Wheelbarrow
13:31 Double-Bit Axe
17:07 Castle Age
18:33 Bow Saw
18:44 Husbandry
19:30 Scale Barding Armor
19:57 Forging
23:11 Gold Mining
24:53 Chain Barding Armor
25:23 Caravan
28:01 Gold Shaft Mining
28:42 Stone Mining
29:09 Hand Cart
34:40 Fortified Wall
34:26 Murder Holes
38:26 Imperial Age
35:42 Town Watch
38:31 Cavalier
42:00 Plate Barding Armor
42:01 Iron Casting
41:08 Paladin
44:55 Hoardings
44:41 Conscription
Connection lost

Rejoining the realm…

Still unreachable

The connection could not be restored.

Session expired

The server has moved on; the page needs a fresh start.